 Dungeon Crawl Stone Soup version 0.29-a0-993-g4a18f31a58 (webtiles) character file.

Game seed: 7446229643894915846

2119 IdlyInterested the Covert (level 9, -5/65 HPs)
             Began as a Demonspawn Wanderer on Aug 2, 2022.
             Slain by an orc warrior
             ... wielding a +0 glaive
              (12 damage)
             ... on level 6 of the Dungeon.
             The game lasted 00:18:22 (5630 turns).

IdlyInterested the Covert (Demonspawn Wanderer)     Turns: 5630, Time: 00:18:23

Health: -5/65      AC: 15    Str: 12    XL:     9   Next: 8%
Magic:  13/13      EV: 12    Int: 18    God:
Gold:   327        SH:  0    Dex: 26    Spells: 14/14 levels left

rFire   + . .      SeeInvis .   h - +2 dagger (drain)
rCold   . . .      Faith    .   (no shield)
rNeg    . . .      Spirit   .   p - +3 leather armour {rF+}
rPois   .          Reflect  .   (helmet restricted)
rElec   .          Harm     .   e - +5 cloak "Wosuwelolu" {+Inv Int-2 Dex+9 Slay+3}
rCorr   .          Rampage  .   u - +0 pair of gloves
Will    .....                   (no boots)
Stlth   ++++......              (no amulet)
HPRegen 0.20/turn               b - +6 ring of intelligence
MPRegen 0.13/turn               (no ring)

@: studying Spellcasting
A: antennae 1, thin metallic scales 1, powered by pain 1, demonic magic 2
a: Evoke Invisibility


You were on level 6 of the Dungeon.
You visited 2 branches of the dungeon, and saw 7 of its levels.

You collected 327 gold pieces.

Inventory:

Hand Weapons
 d - a +2 short sword of protection
 f - a +0 dagger
 h - a +2 dagger of draining (weapon)
 n - the +7 flail of the Heavens {drain, *Rage Drain rElec rPois}
   (You found it on level 2 of the Dungeon)

   A truly terrible weapon, it drains the life of any living foe it strikes.
   rElec:     It insulates you from electricity.
   rPois:     It protects you from poison.
   *Rage:     It berserks you when you make melee attacks (+20% chance).
   Drain:     It drains your maximum health when unequipped.
 w - a +1 dagger of venom
Missiles
 g - 3 atropa-tipped darts
 m - 9 poisoned darts (quivered)
 q - a boomerang
 x - a curare-tipped dart
Armour
 e - the +5 cloak "Wosuwelolu" (worn) {+Inv Int-2 Dex+9 Slay+3}
   (You found it on level 2 of the Dungeon)

   Int:       It affects your intelligence (-2).
   Dex:       It affects your dexterity (+9).
   Slay:      It affects your accuracy & damage with ranged weapons and melee
   (+3).
   +Inv:      It lets you turn invisible.
 p - a +3 leather armour of fire resistance (worn)
 u - a +0 pair of gloves (worn)
Jewellery
 b - a +6 ring of intelligence (left hand)
 t - a ring of poison resistance
Wands
 v - a wand of flame (13)
Scrolls
 c - a scroll of fog
 i - 2 scrolls of identify
 j - 3 scrolls of teleportation
Potions
 a - a potion of flight
 k - 4 potions of might
 l - a potion of mutation
 o - 2 potions of lignification
 r - a potion of brilliance
 s - a potion of curing


   Skills:
 + Level 3.9 Fighting
 + Level 5.2 Short Blades
 - Level 2.0 Ranged Weapons
 - Level 1.0 Armour
 - Level 1.7 Dodging
 * Level 8.4 Stealth
 - Level 3.0 Spellcasting
 - Level 1.0 Fire Magic
 - Level 4.0 Evocations


You had 14 spell levels left.
You didn't know any spells.
Your spell library contained the following spells:

 Spells                   Type           Power      Damage    Failure   Level
 Foxfire                  Conj/Fire      16%        2x1d4     17%         1
 Sublimation of Blood     Necr           2%         N/A       30%         2
 Wereblood                Tmut           2%         N/A       30%         2
 Conjure Flame            Conj/Fire      4%         6-21      45%         3
 Summon Hydra             Summ           1%         N/A       100%        7


Dungeon Overview and Level Annotations

Branches:
Dungeon (6/15)             Temple (1/1) D:4

Altars:
Ashenzari
Cheibriados
Dithmenos
Fedhas
Gozag
Hepliaklqana
Kikubaaqudgha
Makhleb
Nemelex Xobeh
Okawaru
Qazlal
Ru
Sif Muna
Trog
Uskayaw
Vehumet
Wu Jian
Xom
Yredelemnul

Shops:
D:3 :   D:6 [


Innate Abilities, Weirdness & Mutations

You have a pair of small antennae on your head.
You are partially covered in thin metallic scales. (AC +2)
You sometimes gain a little power by taking damage.
Spells you cast may paralyse nearby enemies.


Message History

You puncture the white imp!
You kill the white imp!
You hear the slow rusting of a very distant drain.
You hear the rusting of a very distant drain.
Found a sparkling altar of Nemelex Xobeh.
An orc comes into view. It is wielding a +0 mace.
An iguana and an orc come into view.
An orc comes into view. It is wielding a +0 hand axe.
The iguana moves out of view.
An orc warrior comes into view. It is wielding a +0 glaive.
The orc shouts! x2; The iguana hisses angrily.
The orc warrior shouts!
You hear a shout!
An orc wizard comes into view. It is wielding a +0 club.
The orc warrior moves out of view.
The orc shouts!
The orc wizard points at you and mumbles some strange words.
You easily resist.
The orc hits you with a +0 hand axe.
You hit the orc. You drain the orc.
You kill the orc!
The orc closely misses you.
The orc wizard gestures at you while chanting.
The puff of flame hits you. You resist.
You barely miss the orc. You hit the orc. You drain the orc.
You kill the orc!
You hit the orc but do no damage. The orc hits you with a +0 falchion.
The orc warrior hits you from afar with a +0 glaive.
You closely miss the orc.
The orc wizard mumbles some strange words.
The orc wizard flickers and vanishes!
Deactivating autopickup; reactivate with Ctrl-A.
The orc hits you with a +0 falchion.
* * * LOW HITPOINT WARNING * * *
The orc warrior hits you from afar with a +0 glaive!
* * * LOW HITPOINT WARNING * * *
You closely miss the orc. You hit the orc.
The orc is moderately wounded.
The orc warrior hits you from afar with a +0 glaive!
You die...

.. ###...........# .#.#
#...........#.# .# ..
#.#.......#.#.#..# .# ..
.. #.#.###.....#.#..#
#... ### .
#$#+###...#.#.#..#.#.. #
...........#.#......
.......#.###.##.#.#
.....$.o..........#
......{#@###.##.#########
......o)...#.............
.......{##.#.#######.####
.##.#......#.# ### #.....
#.#...#..#.#######..### #
#...#..#...+_+...##
#...#..#.# #+###.#
..........# #.# #.#
#.##.#...†.###.###.#


You could see an orc warrior and an orc.

Vanquished Creatures
  Grinder (D:6)
  Edmund (D:4)
  Duvessa (D:4)
  2 ice beasts (D:6)
  3 black bears (D:5)
  An ogre (D:5)
  3 phantoms
  A kobold brigand (D:6)
  A necrophage (D:4)
  3 scorpions
  Dowan (D:4)
  2 orc priests
  3 hounds
  A gnoll bouda (D:5)
  A jelly (D:5)
  3 iguanas
  4 orc wizards
  7 adders
  A shadow imp (D:5)
  2 white imps (D:6)
  2 ufetubi (D:4)
  2 worms
  A dart slug (D:3)
  16 orcs
  5 ball pythons
  5 endoplasms
  4 giant cockroaches
  5 goblins
  7 hobgoblins
  6 quokkas
  3 bats
  3 frilled lizards
  13 kobolds
  10 rats
124 creatures vanquished.

Vanquished Creatures (others)
  An orc (D:6)
  16 foxfires
  A fungus (D:3)
  A plant (D:3)
19 creatures vanquished.

Grand Total: 143 creatures vanquished

Notes
Turn   | Place    | Note
-------+----------+-------------------------------------------
     0 | D:1      | IdlyInterested the Demonspawn Wanderer began the quest for
                  | the Orb.
     0 | D:1      | IdlyInterested set off with the following items: a +2
                  | sling, a +0 cloak, a scroll of fog, a +0 robe; and the
                  | following spell memorised: Foxfire; and the following
                  | spells available to memorise: Conjure Flame.
     0 | D:1      | Reached XP level 1. HP: 18/18 MP: 2/2
   291 | D:1      | Gained mutation: You are partially covered in thin metallic
                  | scales. (AC +2) [demonic ancestry]
   291 | D:1      | Reached XP level 2. HP: 16/24 MP: 0/4
   596 | D:1      | Reached skill level 1 in Stealth
  1178 | D:2      | Identified the +5 cloak "Wosuwelolu" {+Inv Int-2 Dex+9
                  | Slay+3}
  1207 | D:2      | Gained mutation: You have a pair of small antennae on your
                  | head. [demonic ancestry]
  1207 | D:2      | Reached XP level 3. HP: 28/29 MP: 4/6
  1311 | D:2      | Reached skill level 2 in Stealth
  1315 | D:2      | Identified the +7 flail of the Heavens {drain, *Rage Drain
                  | rElec rPois}
  1319 | D:2      | Found an opulent altar of Gozag.
  1355 | D:2      | You fall into a shaft and drop 1 floor!
  1403 | D:3      | Reached skill level 1 in Short Blades
  1495 | D:3      | Gained mutation: You sometimes gain a little power by
                  | taking damage. [demonic ancestry]
  1495 | D:3      | Reached XP level 4. HP: 35/35 MP: 7/7
  2033 | D:3      | Found a faded altar of an unknown god.
  2373 | D:3      | Found Laorusk's Book Shop.
  2594 | D:4      | Noticed Edmund
  2594 | D:4      | Noticed a phantom
  2845 | D:4      | Noticed Dowan
  2846 | D:4      | Noticed Duvessa
  2851 | D:4      | Noticed a scorpion
  2862 | D:4      | Killed Duvessa
  2863 | D:4      | Reached skill level 3 in Stealth
  2863 | D:4      | Gained mutation: Spells you cast may paralyse adjacent
                  | enemies. [demonic ancestry]
  2863 | D:4      | Reached XP level 5. HP: 19/41 MP: 7/9
  2882 | D:4      | Killed Edmund
  2883 | D:4      | Reached skill level 4 in Stealth
  2883 | D:4      | Reached XP level 6. HP: 47/47 MP: 10/10
  2891 | D:4      | Killed Dowan
  2892 | D:4      | Reached skill level 1 in Evocations
  3061 | D:4      | Found an iron altar of Okawaru.
  3063 | D:4      | Found an ancient bone altar of Kikubaaqudgha.
  3064 | D:4      | Found a hide-covered altar of Uskayaw.
  3065 | D:4      | Found an ornate altar of the Wu Jian Council.
  3065 | D:4      | Found a stormy altar of Qazlal.
  3065 | D:4      | Found a burning altar of Makhleb.
  3066 | D:4      | Found a radiant altar of Vehumet.
  3066 | D:4      | Found a basalt altar of Yredelemnul.
  3067 | D:4      | Found a blossoming altar of Fedhas.
  3145 | D:4      | Reached skill level 5 in Stealth
  3145 | D:4      | Reached XP level 7. HP: 46/52 MP: 11/11
  3404 | D:4      | Found a staircase to the Ecumenical Temple.
  3411 | Temple   | Entered the Ecumenical Temple
  3717 | D:5      | Entered Level 5 of the Dungeon
  3941 | D:5      | Identified a scroll of acquirement
  3941 | D:5      | Acquired a manual of Spellcasting
  4291 | D:5      | Reached skill level 6 in Stealth
  4318 | D:5      | Gained mutation: Spells you cast may paralyse nearby
                  | enemies. [demonic ancestry]
  4318 | D:5      | Reached XP level 8. HP: 58/58 MP: 12/12
  4806 | D:5      | Reached skill level 7 in Stealth
  5333 | D:6      | Found a sacrificial altar of Ru.
  5335 | D:6      | Found a shimmering blue altar of Sif Muna.
  5429 | D:6      | Reached skill level 5 in Short Blades
  5429 | D:6      | Reached skill level 8 in Stealth
  5433 | D:6      | Found Kyon Hio's Antique Armour Emporium.
  5463 | D:6      | Noticed Grinder
  5469 | D:6      | Paralysed by Grinder for 4 turns
  5498 | D:6      | Paralysed by Grinder for 5 turns
  5508 | D:6      | Killed Grinder
  5509 | D:6      | Reached XP level 9. HP: 16/65 MP: 11/13
  5614 | D:6      | Found a sparkling altar of Nemelex Xobeh.
  5630 | D:6      | Slain by an orc warrior

Illustrated notes

Levels and vault maps discovered:
D:1:      lordsloth_arrival_two_stooges, layout_loops_ring,
          nicolae_figureground_sparkle
D:2:      layout_basic, basic_altar, minivault_14, hangedman_decor_points,
          guppyfry_early_lair_pool
D:3:      layout_loops_cross, serial_shops, nicolae_square_shop,
          shapermc_ecumenical_altar_acropolis, hangedman_decor_growths
D:4:      layout_basic, nicolae_overflows_in_rows, minmay_temple_entry_fiery,
          hangedman_decor_lopped, chequers_serial_rivers_small_a,
          eino_curves_02, minmay_crystal_room, uniq_duvessa, uniq_edmund
D:5:      layout_basic, corexii_hall_statues_s, minmay_quadrilaterals
D:6:      layout_basic, lemuel_doored_altar, mainiacjoe_overflow_catwalk_spiral,
          serial_shops, nicolae_shop_crystal, kennysheep_mini,
          gup_sewer_entry_pipe, grunt_ministairs_14, uniq_crazy_yiuf_cottage,
          uniq_prince_ribbit1, uniq_sigmund, uniq_grinder
Temple:   compressed_dpeg_triangle_lava_temple

Skill      XL: |  1  2  3  4  5  6  7  8 |
---------------+-------------------------+-----
Ranged Weapons | 2 |  2.0
Stealth        | 1 2 3 4 5 6 8 |  8.4
Spellcasting   | 2 3 |  3.0
Short Blades   | 1 2 3 4 5 |  5.2
Evocations     | 1 3 4 |  4.0
Fighting       | |  3.9
Armour         | |  1.0
Dodging        | |  1.7
Fire Magic     | |  1.0

Action                   |  1- 3 |  4- 6 |  7- 9 || total
-------------------------+-------+-------+-------++-------
Melee: Dagger            |    84 |    82 |   235 ||   401
       Punch             |       |     3 |     4 ||     7
 Fire: Sling             |    14 |       |       ||    14
Throw: Dart              |       |       |     2 ||     2
 Cast: Foxfire           |    10 |       |       ||    10
 Abil: Evoke Invisibilit |       |       |     1 ||     1
  Use: Scroll            |     5 |     6 |     3 ||    14
       Potion            |       |     4 |     2 ||     6
 Stab: Sleeping          |     5 |     6 |     8 ||    19
       Distracted        |     1 |     1 |       ||     2
       Invisible         |       |       |     3 ||     3
Armor: Leather armour    |    32 |    24 |   109 ||   165
       Robe              |     1 |       |       ||     1
Dodge: Dodged            |    43 |    53 |   142 ||   238

Table legend: (Time is in decaauts)
 A = Elapsed time spent in this place.
 B = Non-inter-level travel time spent in this place.
 C = Inter-level travel time spent in this place.
 D = Time resting spent in this place.
 E = Time spent auto-exploring this place.
 F = Levels seen in this place.
 G = Mean time per level.
                   A        B        C        D        E       F      G
               +--------+--------+--------+--------+--------+-----+--------+
         Total |   5580 |   5031 |    549 |    143 |   3476 |   7 |  797.1 |
       Dungeon |   5328 |   4779 |    549 |    143 |   3235 |   6 |  888.0 |
        Temple |    251 |    251 |      0 |      0 |    241 |   1 |  251.0 |
               +--------+--------+--------+--------+--------+-----+--------+

Top non-repeatable levels by time:
     D:5: 1333 daAuts
     D:1: 1077 daAuts
     D:4: 974 daAuts
     D:3: 867 daAuts
     D:2: 747 daAuts
     D:6: 328 daAuts
  Temple: 251 daAuts
